 Seeded DCSS version 0.31-a0-1549-g5ff9445e89 (webtiles) character file.

Game seed: 11676085894682042700 (custom seed)

46 innerfire43 the Shield-Bearer (level 3, -1/26 HPs)
             Began as a Demonspawn Wanderer on Jan 2, 2024.
             Was a Follower of Nemelex Xobeh.
             Slain by a gnoll
             ... wielding a +0 spear
              (4 damage)
             ... on level 3 of the Dungeon.
             The game lasted 00:03:09 (1397 turns).

innerfire43 the Shield-Bearer (Demonspawn Wanderer) Turns: 1397, Time: 00:03:10

Health: -1/26      AC:  5    Str: 10    XL:     3   Next: 44%
Magic:  5/5        EV: 11    Int: 15    God:    Nemelex Xobeh [*.....]
Gold:   100        SH:  0    Dex: 17    Spells: 4/5 levels left

rFire   . . .        o - +7 executioner's axe of Distant Shores {speed, Int-2 Dex+6}
rCold   . . .        (shield currently unavailable)
rNeg    . . .        d - +0 robe
rPois   .            l - +2 helmet
rElec   .            (no cloak)
rCorr   .            (no gloves)
SInv    .            (no boots)
Will    .....        f - amulet of faith
Stlth   ++           n - ring of wizardry
HPRegen 0.24/turn    (no ring)
MPRegen 0.09/turn

%: faith, wizardry (x1)
@: no status effects
A: claws 2
a: Renounce Religion, Draw Escape, Draw Destruction, Draw Summoning


You were on level 3 of the Dungeon.
You worshipped Nemelex Xobeh.
Nemelex Xobeh was aware of your devotion.
You visited 1 branch of the dungeon, and saw 3 of its levels.

You collected 100 gold pieces.

Inventory:

Hand Weapons
 a - a +1 hand axe
 o - the +7 executioner's axe of Distant Shores (weapon) {speed, Int-2 Dex+6}
   (You acquired it on level 2 of the Dungeon)

   Int-2:     It affects your intelligence (-2).
   Dex+6:     It affects your dexterity (+6).
Armour
 d - a +0 robe (worn)
 l - a +2 helmet (worn)
Jewellery
 f - an amulet of faith (around neck)
 n - a ring of wizardry (left claw)
Scrolls
 e - 2 scrolls of silence
 g - 3 scrolls of immolation
 h - a scroll of enchant weapon
 p - a scroll of revelation
 q - a scroll of identify
Potions
 c - 2 potions of might
 i - a potion of heal wounds
 j - 2 potions of resistance {unknown}
 k - a potion of lignification
 m - 2 potions of curing {unknown}


   Skills:
 - Level 1.3 Fighting
 * Level 1.1 Axes
 - Level 3.8 Shields
 + Level 1.8 Spellcasting
 + Level 3.2 Air Magic
 + Level 0.5 Invocations


You had 4 spell levels left.
You knew the following spells:

 Your Spells              Type           Power      Damage    Failure   Level
a - Shock                 Conj/Air       24%        1d4       4%          1

Your spell library contained the following spells:

 Spells                   Type           Power      Damage    Failure   Level
 Summon Lightning Spire   Summ/Air       6%         N/A       41%         4
 Vhi's Electric Charge    Tloc/Air       12%        N/A       41%         4
 Olgreb's Toxic Radiance  Alch           1%         N/A       63%         4
 Ozocubu's Refrigeration  Ice            0%         4d7       100%        7
 Discord                  Hex            0%         N/A       100%        8


Dungeon Overview and Level Annotations

Branches:
Dungeon (3/15)

Altars:
Nemelex Xobeh


Innate Abilities, Weirdness & Mutations

You have very sharp fingernails.


Message History

Done exploring.
There is an escape hatch in the floor here.
There is a stone staircase leading down here.
You climb downwards.
The rat squeaks loudly.
There is a stone staircase leading up here.
There are monsters nearby!
The gnoll shouts!
You hear a shout! x2
A gnoll comes into view. It is wielding a +0 whip.
You hit the rat.
You kill the rat!
A gnoll comes into view. It is wielding a +0 heavy flail.
The gnoll shouts!
The gnoll hits you with a +0 whip. The gnoll barely misses you.
You hit the gnoll.
The gnoll is moderately wounded.
You completely miss the gnoll.
The gnoll hits you from afar with a +0 spear.
The gnoll barely misses you. The gnoll closely misses you.
You barely miss the gnoll.
The gnoll is moderately wounded.
You barely miss the gnoll. The gnoll completely misses you. x2
You barely miss the gnoll.
The gnoll is moderately wounded.
You slash the gnoll!
You kill the gnoll!
The gnoll barely misses you. The gnoll closely misses you.
You slash the gnoll!
The gnoll is almost dead.
The gnoll hits you from afar with a +0 spear.
The gnoll hits you from afar with a +0 spear!
The gnoll hits you with a +0 heavy flail!
* * * LOW HITPOINT WARNING * * *
You are too injured to fight recklessly!
You are too injured to fight recklessly!
You hit the gnoll.
You kill the gnoll!
The gnoll hits you from afar with a +0 spear.
You die...
Your body disappears without a glow.

.# # ###.
..####...
........ #.#....#
#.#...g# #.#^)..#
# #.#.@..#..#
#.##.#..)...##
#..†..<........
#..###.#......#..
#.#......# .
......#.##
.........#
..#.##.####
#..#.# .#


You could see a gnoll.

Vanquished Creatures
  2 gnolls (D:3)
  4 dart slugs
  3 endoplasms
  A giant cockroach (D:2)
  2 goblins (D:2)
  A hobgoblin (D:2)
  2 jackals (D:2)
  A quokka (D:1)
  2 ball pythons
  4 bats (D:1)
  2 frilled lizards
  3 kobolds (D:1)
  2 rats
29 creatures vanquished.

Notes
Turn   | Place    | Note
-------+----------+-------------------------------------------
     0 | D:1      | innerfire43 the Demonspawn Wanderer began the quest for the
                  | Orb.
     0 | D:1      | innerfire43 set off with the following items: a +0 hand
                  | axe, a +0 buckler, a potion of might, a +0 robe; and the
                  | following spell memorised: Shock; and the following spells
                  | available to memorise: Summon Lightning Spire, Vhi's
                  | Electric Charge.
     0 | D:1      | Reached XP level 1. HP: 15/15 MP: 2/2
   245 | D:1      | Gained mutation: You have sharp fingernails. [demonic
                  | ancestry]
   245 | D:1      | Reached XP level 2. HP: 20/21 MP: 0/4
   739 | D:2      | Found a faded altar of an unknown god.
   752 | D:2      | Prayed at the altar of an unknown god.
   752 | D:2      | Became a worshipper of Nemelex Xobeh the Trickster
   752 | D:2      | Reached * piety under Nemelex Xobeh
   966 | D:2      | Gained mutation: You have very sharp fingernails. [demonic
                  | ancestry]
   966 | D:2      | Reached XP level 3. HP: 23/26 MP: 5/5
  1185 | D:2      | Received a gift from Nemelex Xobeh
  1186 | D:2      | Identified a scroll of acquirement
  1186 | D:2      | Acquired the +7 executioner's axe of Distant Shores {speed,
                  | Int-2 Dex+6}
  1397 | D:3      | Slain by a gnoll

Illustrated notes

Levels and vault maps discovered:
D:1:      minmay_arrival_checkered_box, layout_rooms
D:2:      layout_basic, shapermc_ecumenical_altar_mp_highgroup
D:3:      layout_basic

Skill      XL: |  1  2 |
---------------+-------+-----
Air Magic      | 3 |  3.2
Fighting       | |  1.3
Axes           | |  1.1
Shields        | |  3.8
Spellcasting   | |  1.8
Invocations    | |  0.5

Action                     || total
---------------------------++-------
  Melee: Hand axe          ||    50
         Executioner's axe ||     8
   Cast: Shock             ||    20
    Use: Scroll            ||    11
   Stab: Sleeping          ||     1
 Armour: Robe              ||    43
  Dodge: Dodged            ||    35
  Block: Buckler           ||    15

Table legend: (Time is in decaauts)
 A = Elapsed time spent in this place.
 B = Non-inter-level travel time spent in this place.
 C = Inter-level travel time spent in this place.
 D = Time resting spent in this place.
 E = Time spent auto-exploring this place.
 F = Levels seen in this place.
 G = Mean time per level.
                   A        B        C        D        E       F      G
               +--------+--------+--------+--------+--------+-----+--------+
         Total |   1412 |   1374 |     38 |      0 |   1109 |   3 |  470.7 |
       Dungeon |   1412 |   1374 |     38 |      0 |   1109 |   3 |  470.7 |
               +--------+--------+--------+--------+--------+-----+--------+

Top non-repeatable levels by time:
     D:1: 703 daAuts
     D:2: 697 daAuts
     D:3: 11 daAuts
